[Event "Late-Titled-Tuesday-Blitz-April-23-2024"]
[Site "Chess.com"]
[Date "2024.04.23"]
[Round "7"]
[White "DonJuanEGenaro"]
[Black "Horokoskii"]
[Result "0-1"]
[WhiteElo "2027"]
[BlackElo "2177"]
[TimeControl "180+1"]
[EndTime "15:19:19 PDT"]
[Termination "Horokoskii won on time"]

1. d4 Nf6 2. Nf3 g6 3. Bf4 Bg7 4. e3 O-O 5. Be2 d6 6. O-O c6 7. c3 Bf5 8. h3 Nbd7 9. Nbd2 Ne4 10. Nxe4 Bxe4 11. Nd2 Bf5 12. e4 Be6 13. Nf3 Nf6 14. Bd3 d5 15. e5 Nh5 16. Bh2 Bh6 17. g4 Nf4 18. Bxf4 Bxf4 19. Kg2 Qd7 20. Ng1 f6 21.
Qe2 fxe5 22. dxe5 Rf7 23. Nf3 Bxg4 24. hxg4 Qxg4+ 25. Kh1 Qh3+ 26. Kg1 Qg4+ 27. Kh1 Qh3+ 28. Kg1 Raf8 29. Rfd1 Qg4+ 30. Kf1 Be3 31. Qxe3 Rxf3 32.
Qd4 Qg3 33. Rd2 R8f4 34. Qc5 Rxd3 35. Rxd3 Qxd3+ 36. Kg1 Rg4+ 37. Kh2 Qf3 0-1

[Event "Late-Titled-Tuesday-Blitz-April-23-2024"]
[Site "Chess.com"]
[Date "2024.04.23"]
[Round "7"]
[White "Roedor"]
[Black "SmirnovTimofey2000"]
[Result "1-0"]
[WhiteElo "2354"]
[BlackElo "1965"]
[TimeControl "180+1"]
[EndTime "15:19:19 PDT"]
[Termination "Roedor won on time"]

1. c4 c6 2. d4 d5 3. Nf3 Nf6 4. Qb3 dxc4 5. Qxc4 e6 6. Nc3 Nbd7 7. Bg5 Nb6 8. Qb3 Be7 9. e3 h6 10. Bf4 Nfd5 11. Bg3 O-O 12. Be2 Nxc3 13. bxc3 Nd5 14. O-O Bd6 15. Rfd1 Bxg3 16. hxg3 Re8 17. a4 a5 18. Bd3 Qe7 19. Bb1 c5 20. e4 Nf6 21.
e5 Nd5 22. Qc2 g6 23. Qd2 Kg7 24. Ba2 cxd4 25. Bxd5 exd5 26. Qxd4 Be6 27. Rab1 Rec8 28. Qf4 Rc4 29. Nd4 Rxa4 30. Rb6 Kh7 31. Rdb1 Rb8 32.
R1b5 Rc4 33. Rxa5 Rxc3 34. Ra7 Rc7 35. Kh2 Rbc8 36. Nb5 Rc4 37. Qe3 Re4 38. Qf3 Rcc4 39.
Rbxb7 Rc7 40. Rxc7 Qe8 41. Nd6 Qd8 42. Rxf7+ Bxf7 43. Qxf7+ 1-0

[Event "Late-Titled-Tuesday-Blitz-April-23-2024"]
[Site "Chess.com"]
[Date "2024.04.23"]
[Round "7"]
[White "kikoveiga"]
[Black "Pig-filth"]
[Result "0-1"]
[WhiteElo "2555"]
[BlackElo "2263"]
[TimeControl "180+1"]
[EndTime "15:19:20 PDT"]
[Termination "Pig-filth won by resignation"]

1. d4 Nc6 2. Nf3 d5 3. c4 e6 4. Nc3 Nf6 5. Bg5 Be7 6. e3 O-O 7. cxd5 exd5 8. Bd3 Nb4 9. Bb1 c5 10. dxc5 Na6 11. O-O Nxc5 12. Nd4 Ne6 13. Bh4 Nxd4 14. Qxd4 Be6 15. Rd1 a6 16. Bc2 Qc7 17. Rac1 Qc4 18.
Bb3 Qxd4 19. Rxd4 Rac8 20. Rcd1 Rfe8 21. h3 h5 22. Bg3 Bc5 23. R4d2 Bb4 24. Be5 Bxc3 25.
Bxc3 Ne4 26. Rd3 Nxc3 27. Rxc3 Rxc3 28. bxc3 Rc8 29. Bxd5 Bxd5 30. Rxd5 Rxc3 31. Rxh5 Ra3 32. Rc5 Rxa2 33. Rc8+ Kh7 34. Rc7 Rb2 35. Rxf7 a5 36. e4 a4 37. Rf5 Rb6 38. Rf3 Ra6 39.
Ra3 b5 40. e5 b4 41. Ra1 b3 42.
e6 b2 43. Rb1 a3 44. e7 Re6 0-1

[Event "Late-Titled-Tuesday-Blitz-April-23-2024"]
[Site "Chess.com"]
[Date "2024.04.23"]
[Round "7"]
[White "manmanlai1"]
[Black "KNVB"]
[Result "0-1"]
[WhiteElo "2518"]
[BlackElo "2693"]
[TimeControl "180+1"]
[EndTime "15:19:22 PDT"]
[Termination "KNVB won on time"]

1. e4 b6 2. d4 Bb7 3. f3 e6 4. Be3 d5 5. e5 Ba6 6. Bxa6 Nxa6 7. c3 Qd7 8. f4 Ne7 9. Qe2 Nb8 10. Nf3 h5 11. g3 Nf5 12. Bf2 c5 13. Kf1 Nc6 14. Kg2 Be7 15. h3 O-O-O 16. g4 Nh6 17. g5 Nf5 18. a4 c4 19. Nbd2 Na5 20. Rhb1 Kb7 21. b3 cxb3 22. Nxb3 Nxb3 23. Rxb3 Ka8 24. a5 bxa5 25.
Rxa5 Rb8 26. Rb2 Rxb2 27. Qxb2 Rb8 28. Qa2 Rb7 29. c4 dxc4 30. Qxc4 Rc7 31. Qd3 Bb4 32. Rb5 Rb7 33. Rxb7 Kxb7 34. Kg1 Qd5 35. g6 fxg6 36. Nh4 Bc5 37. Qb1+ Bb6 38. Nxg6 Nxd4 39. Ne7 Ne2+ 40.
Kf1 Qh1+ 0-1

[Event "Late-Titled-Tuesday-Blitz-April-23-2024"]
[Site "Chess.com"]
[Date "2024.04.23"]
[Round "7"]
[White "Nemsko"]
[Black "tarno17"]
[Result "1-0"]
[WhiteElo "2459"]
[BlackElo "2157"]
[TimeControl "180+1"]
[EndTime "15:19:22 PDT"]
[Termination "Nemsko won on time"]

1. e4 c5 2. Nf3 e6 3. d4 cxd4 4. Nxd4 a6 5. c4 Nf6 6. Nc3 Bb4 7. Bd3 Qc7 8. a3 Be7 9. O-O Nc6 10. Be3 O-O 11. Rc1 Ne5 12. h3 d6 13. Be2 b6 14.
f4 Ng6 15. Bf3 Bb7 16. Qe1 Rfd8 17. Qg3 Bf8 18. b3 Rac8 19. h4 Ne7 20. h5 g6 21.
hxg6 fxg6 22. Nxe6 Qd7 23. Nxd8 Rxd8 24. Bxb6 Re8 25.
Bd4 Bg7 26. Rcd1 Nc6 27. e5 Nxd4 28. Rxd4 Bxf3 29. Qxf3 Qa7 30. Rd1 dxe5 31. fxe5 Rxe5 32. Kf1 Rf5 33. Rf4 Re5 34. Nd5 Qf7 35. Nxf6+ Bxf6 36. Rxf6 Qe7 37. Rf4 Kg7 38. Rfd4 Rf5 39. Rf4 Re5 40.
Kg1 Re3 41. Qf2 Re6 42. Rfd4 Rf6 43. Rd7 1-0

[Event "Late-Titled-Tuesday-Blitz-April-23-2024"]
[Site "Chess.com"]
[Date "2024.04.23"]
[Round "7"]
[White "Fandorine"]
[Black "nihalsarin"]
[Result "0-1"]
[WhiteElo "2936"]
[BlackElo "3138"]
[TimeControl "180+1"]
[EndTime "15:19:23 PDT"]
[Termination "nihalsarin won on time"]

1. e4 c5 2. Ne2 Nf6 3. Nbc3 Qa5 4.
g3 h5 5. h3 Nc6 6. Bg2 g6 7. O-O Bg7 8. d4 cxd4 9. Nxd4 O-O 10.
Nb3 Qd8 11. Bg5 d6 12. Re1 Be6 13.
Nd5 Nh7 14. Bc1 Rc8 15. c3 Re8 16. Be3 Nf6 17. Nd4 Bd7 18. Nb3 Ne5 19. Bg5 Nc4 20. Re2 Nh7 21. Bc1 b5 22. a3 a5 23. Nd4 Nf6 24. Bg5 e6 25. Nxf6+ Bxf6 26. Bc1 Qb6 27. Kh1 b4 28. axb4 axb4 29. h4 Kg7 30.
Kg1 Rc7 31. b3 bxc3 32. bxc4 Qxd4 33. Qe1 Qxc4 34. Be3 Rb8 35. Rc1 Rcb7 36. e5 Bxe5 37. Bxb7 Rxb7 38. Bg5 Bd4 39. Be3 e5 40. Bg5 Bc6 0-1

[Event "Late-Titled-Tuesday-Blitz-April-23-2024"]
[Site "Chess.com"]
[Date "2024.04.23"]
[Round "7"]
[White "zano2023"]
[Black "kripri"]
[Result "0-1"]
[WhiteElo "2165"]
[BlackElo "2333"]
[TimeControl "180+1"]
[EndTime "15:19:24 PDT"]
[Termination "kripri won by resignation"]

1. d4 c6 2. Nf3 d5 3. Nbd2 Nf6 4. e3 g6 5. Bd3 Bg7 6. O-O O-O 7. Qe2 Nbd7 8. e4 dxe4 9. Nxe4 Nxe4 10. Qxe4 Re8 11. Qh4 e5 12. Bg5 Qc7 13. dxe5 Nxe5 14. Nxe5 Bxe5 15.
Rfe1 Be6 16. c3 Bd5 17. h3 Bg7 18. Bf6 Qd6 19. Bxg7 Kxg7 20. Bc4 Bxc4 21. Qxc4 Qd2 22. Rxe8 Rxe8 23. Qd4+ Qxd4 24. cxd4 Re2 25. b4 Rd2 26. a4 Rxd4 27. Rb1 Kf6 28. Kf1 Ke6 29. Ke2 Kd5 30. Ke3 f5 31. g3 Re4+ 32. Kd3 b6 33. a5 c5 34. axb6 axb6 35. bxc5 bxc5 36. Rb7 h5 37.
Rg7 Re6 38. Rd7+ Rd6 39. Rc7 Rc6 40. Rd7+ Ke6 41. Rd8 Rd6+ 42. Rxd6+ Kxd6 43. Kc4 Kc6 44. f3 g5 45. g4 hxg4 46. hxg4 f4 47. Kd3 Kd5 48.
Kc3 c4 49. Kd2 Kd4 50. Kc2 Ke3 0-1

[Event "Late-Titled-Tuesday-Blitz-April-23-2024"]
[Site "Chess.com"]
[Date "2024.04.23"]
[Round "7"]
[White "Romkachess"]
[Black "AsaHoffmann"]
[Result "1-0"]
[WhiteElo "2636"]
[BlackElo "2370"]
[TimeControl "180+1"]
[EndTime "15:19:25 PDT"]
[Termination "Romkachess won on time"]

1. e4 d6 2. d4 Nf6 3. Nc3 c6 4. f3 Nbd7 5. Be3 e5 6. Qd2 Be7 7. h4 b5 8. g4 a6 9. h5 h6 10. a3 Qc7 11. Be2 Nb6 12. Nh3 Be6 13. g5 hxg5 14.
Nxg5 Bc4 15. f4 Bxe2 16. Qxe2 Nc4 17. dxe5 dxe5 18. O-O-O Nxe3 19. Qxe3 exf4 20. Qf3 Nd7 21. Nh3 O-O-O 22. Kb1 Bd6 23. Qg4 Be5 24. Ng5 Rhf8 25. h6 gxh6 26. Rxh6 Bxc3 27. bxc3 Kb7 28. Qf5 Ne5 29.
Rd4 Rxd4 30. cxd4 Nc4 31. Ne6 Nxa3+ 32. Kc1 Qa5 33. Nc5+ Ka8 34. Qd7 Qe1+ 35. Kb2 Qb4+ 36. Ka2 Qb1+ 37. Kxa3 b4+ 38. Ka4 Qa2+ 39. Kxb4 Rb8+ 40.
Kc3 Qb2+ 41. Kd3 Qb5+ 42. Kd2 Qb4+ 43. Ke2 Qc4+ 44. Kf3 1-0

[Event "Late-Titled-Tuesday-Blitz-April-23-2024"]
[Site "Chess.com"]
[Date "2024.04.23"]
[Round "7"]
[White "Rud_Makarian"]
[Black "Binary010"]
[Result "1-0"]
[WhiteElo "3051"]
[BlackElo "2830"]
[TimeControl "180+1"]
[EndTime "15:19:26 PDT"]
[Termination "Rud_Makarian won by resignation"]

1. d4 Nf6 2. c4 e6 3. Nf3 d5 4. g3 dxc4 5. Bg2 c6 6. O-O b5 7. Nc3 Bb7 8. Ne5 a6 9. b3 b4 10. bxc4 bxc3 11. Rb1 Ra7 12. d5 Bd6 13. Nxc6 Nxc6 14.
dxc6 Ba8 15. Be3 Rc7 16. Bb6 O-O 17. Qd4 c2 18. Rbc1 Qb8 19. c5 Be7 20. Bxc7 Qxc7 21.
Rxc2 Bxc6 22. Rfc1 Bxg2 23. Kxg2 Rd8 24. Qf4 Qc6+ 25.
Qf3 Rc8 26. Qxc6 Rxc6 27. Rb1 g5 28. Rb6 Rxc5 29. Rxc5 Bxc5 30. Rxa6 Nd5 31. a4 Kf8 32. Ra8+ Ke7 33. e3 Kd7 34. Kf3 f5 35. g4 Nf6 36. h3 Kc7 37. Ra6 Bd6 38. Ra5 fxg4+ 39. hxg4 Nd7 40. Rxg5 Ne5+ 41. Ke4 Ng6 42. f4 Be7 43.
Rh5 Nf8 44. Rb5 Kc6 45. Rb1 Nd7 46. a5 Bd6 47. g5 Nc5+ 48. Kf3 Na6 49. Rh1 Bb4 50.
Rxh7 Bxa5 51. g6 1-0

[Event "Late-Titled-Tuesday-Blitz-April-23-2024"]
[Site "Chess.com"]
[Date "2024.04.23"]
[Round "7"]
[White "nindjaxx8"]
[Black "dosto07"]
[Result "1-0"]
[WhiteElo "2648"]
[BlackElo "2494"]
[TimeControl "180+1"]
[EndTime "15:19:26 PDT"]
[Termination "nindjaxx8 won on time"]

1. d4 d5 2. c4 dxc4 3. e3 Nf6 4. Bxc4 e6 5. Nf3 c5 6. O-O a6 7. a4 Nc6 8. Nc3 Be7 9. b3 O-O 10. Bb2 b6 11. d5 exd5 12. Nxd5 Nxd5 13. Bxd5 Bb7 14. e4 Qc7 15. Nd2 Bd6 16. Nc4 Bxh2+ 17. Kh1 Bf4 18. Qg4 Bh6 19. Rad1 Rad8 20. Ne3 Bc8 21.
Nf5 Bxf5 22. exf5 Nb4 23. Bc4 Qf4 24. Qxf4 Bxf4 25. f6 gxf6 26. Bxf6 Rd6 27. Rxd6 Bxd6 28. Rd1 Bf4 29. g3 Bh6 30. Rd7 Bg7 31. Be7 Re8 32.
Bd6 Re1+ 33. Kg2 Be5 34. Rxf7 Bxd6 35. Re7+ Kf8 36. Rxe1 a5 37. Re6 Bc7 38. f4 Nc2 39.
Kf3 Nd4+ 40. Ke4 Bd8 41. Rd6 Ke7 42. Rh6 Ne2 43. Rxh7+ Kd6 44. Bxe2 1-0

[Event "Late-Titled-Tuesday-Blitz-April-23-2024"]
[Site "Chess.com"]
[Date "2024.04.23"]
[Round "7"]
[White "ChristopherYoo"]
[Black "mishanick"]
[Result "1-0"]
[WhiteElo "3016"]
[BlackElo "3153"]
[TimeControl "180+1"]
[EndTime "15:19:29 PDT"]
[Termination "ChristopherYoo won by resignation"]

1. e4 c5 2. Nf3 d6 3. d4 cxd4 4. Nxd4 Nf6 5. Nc3 a6 6. Bg5 e6 7.
f4 Nbd7 8. Qf3 h6 9. Bh4 e5 10. Nf5 exf4 11. O-O-O g5 12. Bf2 Ne5 13. Qe2 Bxf5 14.
exf5 Bg7 15. h4 Qe7 16. hxg5 hxg5 17. Rxh8+ Bxh8 18. Qd2 Rc8 19. Qxd6 Qxd6 20. Rxd6 Nfg4 21. Bd4 Ne3 22. Bxe3 fxe3 23. Nd5 Ng4 24. Be2 Be5 25. Rb6 Rd8 26. c4 Nf2 27. Rxb7 Kf8 28. Bh5 Nd3+ 29. Kc2 Nf4 30. Rxf7+ Kg8 31. Re7 Nxd5 32. Rxe5 Nf4 33. Bf3 Rd2+ 34. Kc3 Rd3+ 35. Kb4 Kf7 36. g3 Nh3 37. Be2 Rd2 38. Rxe3 Rxb2+ 39. Ka3 Rd2 40.
c5 Rc2 41. Kb4 Kf6 42. Bxa6 g4 43. Bc4 Rb2+ 44. Ka5 Ng1 45. c6 Nf3 46. c7 Ne5 47. c8=Q 1-0

[Event "Late-Titled-Tuesday-Blitz-April-23-2024"]
[Site "Chess.com"]
[Date "2024.04.23"]
[Round "7"]
[White "topotun"]
[Black "Polish_fighter3000"]
[Result "1-0"]
[WhiteElo "2868"]
[BlackElo "3095"]
[TimeControl "180+1"]
[EndTime "15:19:31 PDT"]
[Termination "topotun won on time"]

1. e4 c5 2. Nf3 g6 3. d4 cxd4 4. Nxd4 Bg7 5. c4 Nc6 6. Be3 d6 7. Nc3 Nf6 8. Be2 O-O 9. O-O Bd7 10. Qd2 Nxd4 11. Bxd4 Bc6 12. f3 a5 13. b3 Nd7 14.
Be3 e6 15. Rac1 Qe7 16. Rfd1 Be5 17. Nd5 Qh4 18. g3 Bxg3 19. hxg3 Qxg3+ 20. Kf1 Bxd5 21. cxd5 Qh3+ 22. Kg1 Ne5 23. Bh6 f5 24. Bxf8 Qg3+ 25. Kh1 Rxf8 26. f4 fxe4 27. Rc3 Qh4+ 28. Kg2 Rxf4 29.
Qe1 Qg5+ 30. Qg3 Ng4 31. Rf1 Rxf1 32. Bxf1 h5 33. Be2 e5 34. Bxg4 hxg4 35. Rc8+ Kg7 36. Rc7+ Kf6 37. Qf2+ Qf4 38. Rd7 e3 39. Rxd6+ Kf5 40.
Qf1 Ke4 41. Rf6 Qh6 42. d6 1-0

[Event "Late-Titled-Tuesday-Blitz-April-23-2024"]
[Site "Chess.com"]
[Date "2024.04.23"]
[Round "7"]
[White "Godzillator"]
[Black "Fh2411"]
[Result "1/2-1/2"]
[WhiteElo "2369"]
[BlackElo "2550"]
[TimeControl "180+1"]
[EndTime "15:19:31 PDT"]
[Termination "Game drawn by repetition"]

1. c4 c6 2. d4 d5 3. cxd5 cxd5 4. Bf4 Nc6 5. e3 Nf6 6. Nc3 a6 7. Bd3 Bg4 8. Nge2 e6 9. O-O Be7 10. Rc1 O-O 11. a3 Rc8 12. b4 b5 13. Qb3 Nd7 14.
Ng3 Nf6 15. h3 Bh5 16. Nxh5 Nxh5 17. Bh2 Nf6 18. Rc2 Qb6 19. Rfc1 Qb7 20. Na2 Nd7 21. a4 g6 22. axb5 axb5 23. Bf4 Rfd8 24. Be2 Na7 25.
Rc7 Qa8 26. Qa3 Rxc7 27. Rxc7 Nc6 28. Qxa8 Rxa8 29. Rxc6 Rxa2 30. Bxb5 Bxb4 31. Rc8+ Nf8 32.
Bh6 Ra7 33. g4 f6 34. Re8 Kf7 35. Rb8 Kg8 36. Bc6 Bd6 37. Rb7 Rxb7 38. Bxb7 Kf7 39. e4 dxe4 40. Bxe4 Nd7 41. Be3 Nb6 42. Kg2 Nd5 43.
Bd2 g5 44. Kf3 h6 45. h4 Nf4 46. hxg5 hxg5 47. Bxf4 Bxf4 48. d5 exd5 49. Bxd5+ Ke7 50.
Be4 Kd6 51. Bf5 Ke5 52. Be4 Kd6 53. Bf5 Ke5 54. Be4 Kd6 1/2-1/2

[Event "Late-Titled-Tuesday-Blitz-April-23-2024"]
[Site "Chess.com"]
[Date "2024.04.23"]
[Round "7"]
[White "Evan_Attaker"]
[Black "SpeedofLight0"]
[Result "0-1"]
[WhiteElo "2613"]
[BlackElo "3048"]
[TimeControl "180+1"]
[EndTime "15:19:32 PDT"]
[Termination "SpeedofLight0 won by resignation"]

1. Nf3 d6 2. d4 g6 3. b3 Bg7 4.
Bb2 Nc6 5. c4 Bg4 6. e3 e5 7.
Be2 Nf6 8. h3 Bxf3 9. Bxf3 exd4 10. exd4 Qe7+ 11. Qe2 Nb4 12. Qxe7+ Kxe7 13. Kd2 Bh6+ 14.
Kc3 Nc6 15. Re1+ Kd7 16. Bxc6+ bxc6 17. Nd2 Rhe8 18. f3 Nh5 19. Ne4 f5 20. Nf2 Bg5 21. Nd3 Bh4 22. Rxe8 Rxe8 23. Rd1 Re2 24. Rd2 Re3 25.
Kc2 Ng3 26. Bc1 Nf1 27. Rd1 Re2+ 28. Kb1 Ng3 29. Rd2 Re8 30. Kc2 Bg5 31. Rf2 Bf6 32. Bb2 Bh4 33. Rd2 Nf1 34. d5 c5 35. b4 cxb4 36.
Bd4 Nxd2 37. Kxd2 a5 38. f4 a4 39. Be3 Rb8 40. Kc2 b3+ 41. axb3 Rxb3 42. c5 Bf6 43. Bd2 Rb5 44. cxd6 cxd6 45. Nb4 Bd4 46. Kd3 Bc5 47. Nc2 a3 48. Bc3 a2 49. Kc4 Rb1 50. Na1 Be3 51. Nb3 Bxf4 52. Kd3 Rxb3 0-1

[Event "Late-Titled-Tuesday-Blitz-April-23-2024"]
[Site "Chess.com"]
[Date "2024.04.23"]
[Round "7"]
[White "rikchessmx"]
[Black "gorgeous1083"]
[Result "1-0"]
[WhiteElo "2301"]
[BlackElo "2081"]
[TimeControl "180+1"]
[EndTime "15:19:32 PDT"]
[Termination "rikchessmx won on time"]

1. e4 e5 2. Nc3 Nc6 3. Bb5 Nf6 4. d3 Bc5 5. Nf3 h6 6. Na4 Bb4+ 7. c3 Ba5 8. b4 Bb6 9. Nxb6 axb6 10. Bxc6 dxc6 11.
Nxe5 O-O 12. O-O Re8 13. f4 Be6 14. a3 b5 15. Be3 Ra6 16. Nf3 Qa8 17. Qc1 Bb3 18.
Qb2 Be6 19. f5 Bd7 20. Bf4 Qd8 21. h3 Bc8 22. Rad1 Nd7 23. g4 Nf8 24. Rfe1 f6 25. d4 Kh7 26. Bc1 Ra8 27. Qg2 b6 28. h4 Qe7 29. e5 fxe5 30. dxe5 Bb7 31. g5 c5 32. g6+ Kh8 33. Rd3 Bxf3 34. Qxf3 Qxh4 35. Re4 Qe7 36. Qh5 cxb4 37. axb4 Ra1 38. Rd1 Rd8 39. Rf1 Rxc1 40. Rxc1 Rd3 41. Rf1 Rxc3 42.
f6 gxf6 43. Qxh6+ Kg8 44. exf6 Rg3+ 45. Kh2 Rxg6 46. fxe7 Rxh6+ 47. Kg3 Rg6+ 48. Kf2 Rf6+ 49. Ke1 1-0

[Event "Late-Titled-Tuesday-Blitz-April-23-2024"]
[Site "Chess.com"]
[Date "2024.04.23"]
[Round "7"]
[White "NM_Koval"]
[Black "expii"]
[Result "1/2-1/2"]
[WhiteElo "2159"]
[BlackElo "2170"]
[TimeControl "180+1"]
[EndTime "15:19:37 PDT"]
[Termination "Game drawn by repetition"]

1. d4 d5 2. c4 e6 3. Nc3 c5 4.
cxd5 exd5 5. Nf3 Nc6 6. Bg5 Be7 7. Bxe7 Ngxe7 8. e3 c4 9. g3 O-O 10. Bg2 Be6 11. O-O h6 12. h4 a6 13. a4 Rb8 14.
Ne2 b5 15. Nf4 Qd7 16. b3 c3 17. axb5 axb5 18. Nd3 b4 19. Nfe5 Qc8 20. f4 f6 21. Nf3 Bf7 22. Nh2 Nf5 23. Qf3 Re8 24.
Rfe1 Ncxd4 25. exd4 Nxd4 26. Qf2 Nxb3 27. Rab1 Rxe1+ 28. Qxe1 Nd2 29. Rxb4 Rxb4 30. Nxb4 c2 31. Nd3 Nb3 32. h5 c1=Q 33. Nxc1 Qxc1 34. Qxc1 Nxc1 35. g4 Ne2+ 36. Kf2 Nxf4 37. Bf3 Nh3+ 38. Ke3 Ng5 39. Bg2 Be6 40. Kd4 Kf7 41. Bf1 Ne4 42.
Be2 Ng3 43. Bf3 Ne4 44. Bxe4 dxe4 45. Kxe4 Bc8 46. Kf4 Bb7 47. Nf1 Ba6 48. Ne3 Bb7 49.
Nf1 Bc6 50. Ng3 Bd7 51. Ne4 Be6 52. Nd6+ Kg8 53. Nb5 Bd7 54. Nd4 Bc8 55. Nc6 Bd7 56. Nd4 Kf7 57. Nf3 Bc6 58. Nd4 Bd5 59. Nf5 Be6 60.
Nd6+ Kg8 61. Ne4 Bd5 62. Nc3 Be6 63. Ne2 Kf7 64. Nd4 Bc8 65. Nb5 Bd7 66. Nd6+ Kg8 67. Ne4 Be6 68. Nf2 Kf7 69. Ne4 Bd5 70. Nd2 Ke6 71. Nf1 Bb3 72. Ne3 Kf7 73. Nf5 Kg8 74. Nd6 Bf7 75. Ne4 Be6 76. Nc5 Kf7 77. Nd3 Ke7 78.
Nf2 Kf7 79. Ne4 Bd7 80. Nf2 Bc6 81. Nd3 Bd5 82. Nf2 Be6 1/2-1/2

[Event "Late-Titled-Tuesday-Blitz-April-23-2024"]
[Site "Chess.com"]
[Date "2024.04.23"]
[Round "7"]
[White "Cluke86"]
[Black "2Coaches1Profile"]
[Result "0-1"]
[WhiteElo "2343"]
[BlackElo "2557"]
[TimeControl "180+1"]
[EndTime "15:19:38 PDT"]
[Termination "2Coaches1Profile won by checkmate"]

1. e4 Nf6 2. e5 Nd5 3. d4 d6 4. c4 Nb6 5. exd6 cxd6 6. Nc3 g6 7. Be3 Bg7 8. Rc1 O-O 9. b3 e5 10. dxe5 dxe5 11. Qxd8 Rxd8 12. c5 N6d7 13. Nf3 Nc6 14. Bc4 h6 15. O-O Nf8 16. Nb5 Be6 17. Nd2 f5 18. f3 f4 19. Ne4 fxe3 20. Ned6 Bxc4 21. Rxc4 Rab8 22. Re1 Ne6 23. Rxe3 a6 24. Nc3 Nxc5 25. Rxc5 Rxd6 26. Ne4 Rd1+ 27. Kf2 Rbd8 28. Rec3 Bf8 29. R5c4 Bb4 30. Rc2 Be1+ 31. Ke2 Bh4 32. g3 Be7 33. Kf2 R8d4 34. h4 Rxc4 35. Rxc4 Rd4 36. Rc2 Kf7 37. Rc1 Ke6 38. Rc2 Bd6 39. Ke3 Nb4 40. Rc8 Nd5+ 41. Ke2 Nf6 42. Nf2 a5 43. g4 a4 44. h5 gxh5 45. gxh5 axb3 46. axb3 Nxh5 47. Rh8 Nf4+ 48. Ke1 Bb4+ 49. Kf1 Rd2 50. Rxh6+ Ke7 51. Ne4 Rd1+ 52. Kf2 Be1+ 53. Kf1 Bh4# 0-1

[Event "Late-Titled-Tuesday-Blitz-April-23-2024"]
[Site "Chess.com"]
[Date "2024.04.23"]
[Round "7"]
[White "Heliosis11"]
[Black "ilushka"]
[Result "0-1"]
[WhiteElo "2394"]
[BlackElo "2546"]
[TimeControl "180+1"]
[EndTime "15:19:39 PDT"]
[Termination "ilushka won by resignation"]

1. e4 e6 2. d4 d5 3. Nc3 Nf6 4. e5 Nfd7 5. f4 c5 6. Nf3 a6 7. Be3 Qb6 8. Qd2 Qxb2 9. Rb1 Qa3 10. Be2 Nc6 11. O-O cxd4 12. Nxd4 Nxd4 13. Bxd4 Bc5 14. Rb3 Bxd4+ 15. Qxd4 Qc5 16. Qxc5 Nxc5 17. Rbb1 O-O 18. f5 Bd7 19. fxe6 fxe6 20. Bf3 Rac8 21. Rfd1 Bc6 22. Ne2 Nd7 23. Nd4 Nxe5 24. Re1 Nxf3+ 25. gxf3 Rce8 26. Kg2 Rf4 27. c3 e5 28. Nxc6 bxc6 29.
Rb6 Rc4 30. Re3 a5 31. f4 e4 32. Kg3 h6 33. Ra6 a4 34. a3 Rb8 35. f5 Rb3 36. Kf4 Rbxc3 37. Rxc3 Rxc3 38. Rxa4 Rf3+ 39. Kg4 Kf7 40. Ra6 c5 41. Rc6 c4 42. Rc5 Rd3 43. a4 Ke7 44. Rc7+ Kd6 45. Rxg7 Ra3 46. Kf4 Rxa4 47. Rg6+ Kc5 48. Rxh6 c3 49. Rh8 Rc4 50. f6 c2 51. Rc8+ Kd6 0-1

[Event "Late-Titled-Tuesday-Blitz-April-23-2024"]
[Site "Chess.com"]
[Date "2024.04.23"]
[Round "7"]
[White "dropstoneDP"]
[Black "RealPerangel"]
[Result "1/2-1/2"]
[WhiteElo "3000"]
[BlackElo "2714"]
[TimeControl "180+1"]
[EndTime "15:19:40 PDT"]
[Termination "Game drawn by agreement"]

1. e4 d5 2. exd5 Qxd5 3. Nc3 Qa5 4. d4 Nf6 5. Nf3 Bg4 6. h3 Bxf3 7. Qxf3 c6 8. Bd2 Nbd7 9. Bc4 e6 10. Nd5 Qd8 11.
Nxf6+ Nxf6 12. c3 Be7 13. O-O O-O 14. g3 Rc8 15. Rfd1 Qc7 16. a4 Rfd8 17. a5 c5 18. Bf4 Bd6 19. Bxd6 Rxd6 20. dxc5 Qxc5 21. Rxd6 Qxd6 22.
Rd1 Qc7 23. Bf1 Rb8 24. Ra1 a6 25. Bg2 h5 26. Ra4 Qc5 27. Qe3 Qc7 28. Qf4 e5 29. Qf5 Re8 30. Bf3 Re6 31. Rb4 g6 32. Qd3 Qxa5 33.
Bxb7 Kg7 34. Kg2 Qa1 35. Qc2 Qa5 36. Bf3 Qc5 37. Qd3 a5 38. Rb5 Qc7 39. Bd5 Rd6 40. c4 a4 41. Qe3 Rd8 42. Qc3 Nxd5 43. cxd5 Qxc3 44. bxc3 Rc8 45. d6 a3 46. Ra5 Rxc3 47.
Rxe5 Rd3 48. Ra5 Rxd6 49. Rxa3 Re6 50. h4 Rf6 51. Rf3 1/2-1/2

[Event "Late-Titled-Tuesday-Blitz-April-23-2024"]
[Site "Chess.com"]
[Date "2024.04.23"]
[Round "7"]
[White "IraZyne"]
[Black "Francisco_Ferrari"]
[Result "1-0"]
[WhiteElo "2338"]
[BlackElo "2191"]
[TimeControl "180+1"]
[EndTime "15:19:40 PDT"]
[Termination "IraZyne won by resignation"]

1. e4 c5 2. Nc3 d6 3. g3 Nc6 4.
Bg2 g6 5. Nge2 Bg7 6. O-O Rb8 7. d3 Nf6 8. h3 O-O 9. f4 Nd7 10. Be3 b5 11. Qd2 b4 12. Nd1 Nd4 13. g4 a5 14.
f5 a4 15. Rb1 Ba6 16. Nf2 b3 17. axb3 axb3 18. c3 Nxe2+ 19. Qxe2 Ne5 20. Ra1 Bb5 21. Ra3 Qc7 22. Rfa1 c4 23. d4 Nd3 24. Qd2 Nxf2 25. Kxf2 e6 26. Ra7 Qd8 27. Bg5 Bf6 28. Bxf6 Qxf6 29. Kg3 gxf5 30. exf5 e5 31. Rd1 Rfe8 32. Bf3 e4 33. Bg2 d5 34. Qf4 Rbd8 35. g5 Qd6 36.
Qxd6 Rxd6 37. Kf4 Kg7 38. Rb7 Bc6 39. Rc7 Ra8 40. Rd2 Re8 41. Re2 Bb5 42. h4 h6 43.
g6 Rd7 44. Rxd7 Bxd7 45. h5 fxg6 46. fxg6 Rf8+ 47. Ke5 Rf5+ 48. Kd6 Be8 49. Bh3 Rxh5 50. Be6 Bxg6 51. Bxd5 Rh3 52. Bxc4 Rg3 53. Bxb3 h5 54. Bd5 h4 55. Bxe4 h3 56. Bh1 Rg1 57. Rh2 Bf5 58. Ke5 Rb1 59. Kxf5 1-0

[Event "Late-Titled-Tuesday-Blitz-April-23-2024"]
[Site "Chess.com"]
[Date "2024.04.23"]
[Round "7"]
[White "Oleksandr_Bortnyk"]
[Black "artin10862"]
[Result "1-0"]
[WhiteElo "3117"]
[BlackElo "2932"]
[TimeControl "180+1"]
[EndTime "15:19:41 PDT"]
[Termination "Oleksandr_Bortnyk won by resignation"]

1. e4 e5 2. Bc4 Nf6 3. d3 Nc6 4. Nc3 Na5 5. Nge2 Nxc4 6. dxc4 Be7 7. O-O O-O 8. Ng3 d6 9. h3 Be6 10. Qe2 Nd7 11. Nd5 Bxd5 12. cxd5 Bg5 13. c4 Bxc1 14. Raxc1 a5 15. b3 Nc5 16. Rc3 g6 17. a3 a4 18.
b4 Nb3 19. c5 Nd4 20. Qd2 Kg7 21. f4 f6 22. f5 c6 23. dxc6 dxc5 24. Qc1 bxc6 25. bxc5 Rb8 26. Kh2 Rb3 27. Rd1 Qa5 28.
Rc4 Rfb8 29. Rcxd4 exd4 30. e5 Rxg3 31. exf6+ Kxf6 32. Qf4 Rbb3 33. Rxd4 Qxc5 34. fxg6+ Kxg6 35. Rd6+ Qxd6 36. Qxd6+ Kg7 37. Qc7+ Kg8 38. Qxg3+ Rxg3 39. Kxg3 Kf7 40. Kf4 Kf6 41. Ke4 Ke6 42. Kd4 Kd6 43. Kc4 c5 44. g4 h6 45. h4 Kc6 46. g5 hxg5 47. hxg5 Kd6 48. g6 Ke6 49. Kxc5 Kf6 50.
Kb4 Kxg6 51. Kxa4 Kf7 52. Kb5 Ke8 53. Kc6 Kd8 54. Kb7 Kd7 55. a4 1-0

[Event "Late-Titled-Tuesday-Blitz-April-23-2024"]
[Site "Chess.com"]
[Date "2024.04.23"]
[Round "7"]
[White "Good_Knight_Kiss"]
[Black "ansko1999"]
[Result "0-1"]
[WhiteElo "2446"]
[BlackElo "2598"]
[TimeControl "180+1"]
[EndTime "15:19:41 PDT"]
[Termination "ansko1999 won on time"]

1. e4 c5 2. Nf3 Nf6 3. e5 Nd5 4.
d4 cxd4 5. Qxd4 e6 6. Bc4 Nc6 7. Qe4 f5 8. Qe2 Nb6 9. Bb3 Na5 10. Bg5 Qc7 11. O-O Bc5 12. Nc3 a6 13. Rad1 O-O 14.
Be3 Bxe3 15. Qxe3 Nbc4 16. Qd4 Nxb2 17. Qd6 Qxd6 18. Rxd6 Nbc4 19. Rd4 b5 20. a4 Nc6 21.
Rdd1 N4xe5 22. Nxe5 Nxe5 23. axb5 axb5 24. Nxb5 Ba6 25. Nc7 Bxf1 26. Nxa8 Be2 27. Ra1 Bc4 28.
f4 Bxb3 29. cxb3 Nd3 30. g3 Rb8 31. Ra3 Nc5 32. Kf2 Rxb3 33. Rxb3 Nxb3 34. Nb6 Nc5 35.
Ke3 Kf7 36. Kd4 d6 37. Nc8 Ne4 38.
g4 h6 39. gxf5 exf5 40. Kd5 Kf6 41. Nb6 Kg6 42. Ke6 Nf2 43. Nd5 Ng4 44. h3 Nf2 45. h4 Ne4 46. Ne3 Ng3 47. Kxd6 Kh5 48. Ke6 Kxh4 49.
Kf7 g5 0-1